 Dungeon Crawl Stone Soup version 0.29.0-15-g675c0067aa (webtiles) character file.

Game seed: 409244511090774643

63523 safid the Marksminotaur (level 14, -13/129 HPs)
             Began as a Minotaur Hunter on Sept 11, 2022.
             Was the Champion of Okawaru.
             Hit by a large rock thrown by a cyclops (45 damage)
             ... on level 11 of the Dungeon.
             The game lasted 00:32:27 (18986 turns).

safid the Marksminotaur (Minotaur Hunter)          Turns: 18986, Time: 00:32:28

Health: -13/129    AC: 11    Str: 16    XL:     14   Next: 68%
Magic:  20/20      EV: 15    Int: 13    God:    Okawaru [******]
Gold:   1588       SH:  0    Dex: 19    Spells: 13/13 levels left

rFire   + . .      SeeInvis .   I - +5 triple crossbow of Gloom {venom, rCorr Int+7}
rCold   + . .      Faith    .   (shield currently unavailable)
rNeg    + . .      Spirit   .   x - +0 steam dragon scales
rPois   +          Reflect  .   c - +1 hat
rElec   +          Harm     .   d - +0 cloak
rCorr   +          Rampage  .   m - +0 pair of gloves
Will    +....                   Q - +0 pair of boots
Stlth   ++........              X - amulet of regeneration
HPRegen 1.11/turn               K - ring of poison resistance
MPRegen 0.17/turn               R - ring "Zaniarei" {rElec rF+ rC+ rN+}

@: slowed, very slow
A: horns 2, retaliatory headbutt
a: Renounce Religion, Heroism, Finesse, Duel


You were on level 11 of the Dungeon.
You worshipped Okawaru.
Okawaru was exalted by your worship.
You visited 3 branches of the dungeon, and saw 17 of its levels.
You also visited: Bailey.

You collected 1588 gold pieces.

Inventory:

Hand Weapons
 C - a +0 arbalest of venom
 I - the +5 triple crossbow of Gloom (weapon) {venom, rCorr Int+7}
   (You acquired it on level 4 of the Lair of Beasts)

   Any ammunition fired from it poisons the flesh of those it strikes.
   Int:       It affects your intelligence (+7).
   rCorr:     It protects you from acid and corrosion.
Missiles
 v - 37 poisoned darts
 E - a throwing net
 M - 2 curare-tipped darts
Armour
 c - a +1 hat (worn)
 d - a +0 cloak (worn)
 m - a +0 pair of gloves (worn)
 x - +0 steam dragon scales (worn)
 Q - a +0 pair of boots (worn)
Jewellery
 p - a ring of protection from fire
 z - a ring of see invisible
 F - an amulet of reflection
 K - a ring of poison resistance (left hand)
 R - the ring "Zaniarei" (right hand) {rElec rF+ rC+ rN+}
   (You found it in a bailey)

   [ring of protection from fire]

   rF:        It protects you from fire.
   rC:        It protects you from cold.
   rElec:     It insulates you from electricity.
   rN:        It protects you from negative energy.
 X - an amulet of regeneration (around neck)
Wands
 y - a wand of flame (42)
 B - a wand of paralysis (34)
 D - a wand of roots (10)
 P - a wand of mindburst (22)
 V - a wand of digging (9)
Scrolls
 e - 2 scrolls of magic mapping
 g - 10 scrolls of fear
 i - 3 scrolls of enchant armour
 n - a scroll of brand weapon
 o - 3 scrolls of teleportation
 r - 4 scrolls of fog
 G - 3 scrolls of poison
 J - a scroll of enchant weapon
 O - a scroll of silence {unknown}
 T - a scroll of amnesia {unknown}
Potions
 a - 2 potions of ambrosia {unknown}
 b - 3 potions of cancellation {unknown}
 f - 3 potions of brilliance {unknown}
 h - 3 potions of curing
 j - a potion of invisibility {unknown}
 k - 2 potions of magic {unknown}
 q - 2 potions of berserk rage
 s - 4 potions of mutation
 t - 8 potions of might
 u - 4 potions of haste
 w - 3 potions of resistance {unknown}
 A - 7 potions of degeneration {unknown}
 N - 2 potions of attraction {unknown}
 U - a potion of lignification {unknown}
 W - 2 potions of flight {unknown}
Miscellaneous
 H - a phial of floods
 S - a condenser vane


   Skills:
 - Level 13.0 Fighting
 - Level 0.1 Short Blades
 - Level 0.1 Long Blades
 - Level 0.1 Axes
 - Level 0.1(0.2) Maces & Flails
 - Level 0.1(0.2) Polearms
 - Level 0.1(0.2) Staves
 + Level 19.9 Ranged Weapons
 - Level 6.0 Armour
 - Level 6.0 Dodging
 - Level 0.7 Stealth
 - Level 0.3 Shields
 - Level 0.3 Spellcasting
 - Level 0.2 Necromancy
 - Level 0.2 Fire Magic
 + Level 10.0 Invocations
 + Level 7.9 Evocations


You had 13 spell levels left.
You didn't know any spells.
Your spell library contained the following spells:

 Spells                   Type           Power      Damage    Failure   Level
 Beastly Appendage        Tmut           0%         N/A       30%         1
 Blink                    Tloc           0%         N/A       41%         2
 Ensorcelled Hibernation  Hex/Ice        0%         N/A       41%         2
 Passwall                 Tmut/Erth      0%         N/A       41%         2
 Wereblood                Tmut           0%         N/A       41%         2
 Dazzling Flash           Conj/Hex       0%         N/A       65%         3
 Gell's Gravitas          Tloc           0%         N/A       65%         3
 Lesser Beckoning         Tloc           0%         N/A       65%         3
 Spider Form              Tmut/Pois      0%         N/A       65%         3
 Swiftness                Air            0%         N/A       65%         3
 Teleport Other           Tloc           0%         N/A       65%         3
 Iskenderun's Mystic Bla  Conj/Tloc      0%         2d3       96%         4
 Manifold Assault         Tloc           0%         N/A       100%        5
 Starburst                Conj/Fire      0%         6d3       100%        6


Dungeon Overview and Level Annotations

Branches:
Dungeon (11/15)            Temple (1/1) D:7            Lair (5/5) D:10
  Swamp (0/4) Lair:3       Spider (0/4) Lair:2        Slime (0/5) Lair:4
 Bailey (visited)
    Orc: D:9-12

Altars:
Ashenzari
Cheibriados
Dithmenos
Elyvilon
Fedhas
Gozag
Hepliaklqana
Kikubaaqudgha
Makhleb
Nemelex Xobeh
Okawaru
Qazlal
Ru
Sif Muna
Trog
Uskayaw
Vehumet
Wu Jian
Xom
Yredelemnul
Zin
The Shining One

Shops:
D:2 :

Annotations:
D:1 1 transporter
D:5 2 transporters, CertainDeath's ghost, amateur DrTm


Innate Abilities, Weirdness & Mutations

You have a pair of horns on your head.
You reflexively headbutt those who attack you in melee.


Message History

Okawaru accepts your kill. The wraith hits you! The wraith drains your vigour!
You feel yourself slow down. The wraith misses you.
The cyclops hits you but does no damage.
The wraith barely misses you. x2; You furiously retaliate!
You headbutt the wraith, but do no damage.
Your life force feels restored.
You shoot a bolt. The bolt barely misses the cyclops.
The wraith misses you. The wraith hits you but does no damage.
The cyclops hits you!
The wraith barely misses you. x2; You furiously retaliate!
You headbutt the wraith! You shoot a bolt. The bolt hits the wraith!
The wraith is almost destroyed.
The cyclops closely misses you. You furiously retaliate!
You headbutt the cyclops! The wraith barely misses you. x2
You furiously retaliate!
You headbutt the wraith. The cyclops hits you!!
You shoot a bolt. The bolt hits the wraith!
You destroy the wraith!
Okawaru accepts your kill. The wraith completely misses you.
The wraith hits you! The wraith drains your vigour!
You feel as though you will be slow longer.
The cyclops hits you!
You are too injured to fight recklessly!
You are too injured to fight recklessly!
Fire: I) +5 triple crossbow of Gloom {venom, rCorr Int+7}
Press: ? - help, Q - select action, (/) - cycle Shift-Dir - straight line, f - wraith
Aim: a wraith (lightly damaged, 74% to hit)
You shoot a bolt. The bolt hits the wraith!
The wraith is heavily damaged.
The wraith hits you! The wraith drains your vigour!
You feel as though you will be slow longer.
The wraith closely misses you. You furiously retaliate!
You headbutt the wraith. The cyclops hits you!!
* * * LOW HITPOINT WARNING * * *
Blink to where?
Press: ? - help, Dir - move target, p - wraith
As you read the scroll of blinking, it crumbles to dust.
The cyclops throws a large rock.
The large rock hits you!!!
You die...

....##.......#...## ..#
..####.......<..## ...####
.....#.........†.# ....#.#
...........................
................####.......
................†#.>.....
.........###...........#
.........#...##........#
.............#..@.....# ..
.........................##..
.#...................##......
.#...............##..####....
..............#....W........
..###.........#...........(.
.. #........................
#...#............C)......
..###.................##.


You could see a cyclops and a wraith.

Vanquished Creatures
  An orc warlord (Bailey)
  Josephine (D:11)
  4 hydras
  A boulder beetle (D:8)
  A two-headed ogre (D:10)
  5 death yaks (Lair:5)
  2 bog bodies (Lair:3)
  An oklob plant (Lair:2)
  An ugly thing (D:11)
  4 elephants (Lair:4)
  5 cyclopes
  Joseph (D:7)
  4 black mambas
  Maggie (D:7)
  A torpor snail (Lair:1)
  26 cane toads
  A rime drake (Lair:3)
  A komodo dragon (Lair:5)
  2 polar bears
  A troll (D:10)
  2 hornets
  2 slime creatures (Lair:4)
  3 tyrant leeches (Lair:5)
  Grinder (D:4)
  Prince Ribbit (D:7)
  31 blink frogs
  9 dream sheep (Lair:5)
  A shadow (D:8)
  Sigmund (D:5)
  52 yaks
  A human (D:7)
  5 wyverns
  4 wraiths
  4 hogs (D:7)
  A redback (Lair:2)
  4 basilisks
  7 vampire mosquitoes
  2 wargs (D:10)
  2 acid dragons
  7 water moccasins
  Duvessa (D:4)
  3 sky beasts
  9 orc warriors
  3 ice beasts
  A black bear (D:6)
  3 ogres
  13 wolves
  6 centaurs
  2 phantoms (D:5)
  3 kobold brigands
  A necrophage (D:7)
  18 bullfrogs
  Dowan (D:4)
  22 wights
  8 killer bees
  5 electric eels
  4 howler monkeys
  8 hounds
  2 jellies (Lair:4)
  A gnoll bouda (D:5)
  7 orc priests
  8 iguanas
  7 orc wizards
  Robin (D:4)
  15 gnolls
  6 adders
  A shadow imp (D:8)
  3 white imps
  5 dart slugs
  41 orcs
  9 endoplasms
  6 giant cockroaches
  22 goblins
  10 hobgoblins
  9 jackals
  30 kobolds
  4 quokkas
  4 ball pythons
  3 bats
  8 frilled lizards
  6 rats
523 creatures vanquished.

Vanquished Creatures (others)
  28 fungi
  104 plants
132 creatures vanquished.

Grand Total: 655 creatures vanquished

Notes
Turn   | Place    | Note
-------+----------+-------------------------------------------
     0 | D:1      | safid the Minotaur Hunter began the quest for the Orb.
     0 | D:1      | Reached XP level 1. HP: 18/18 MP: 0/0
   167 | D:1      | Reached XP level 2. HP: 25/25 MP: 1/1
   281 | D:1      | Reached skill level 5 in Ranged Weapons
   413 | D:1      | You fall into a shaft and drop 1 floor!
   515 | D:2      | Reached skill level 1 in Armour
   515 | D:2      | Reached XP level 3. HP: 15/30 MP: 2/2
   743 | D:2      | Found Intu's Book Boutique.
  1082 | D:1      | Reached XP level 4. HP: 37/37 MP: 3/3
  1163 | D:2      | Found a faded altar of an unknown god.
  1199 | D:2      | Reached skill level 6 in Ranged Weapons
  1485 | D:3      | Reached XP level 5. HP: 44/44 MP: 4/4
  2327 | D:4      | Reached skill level 7 in Ranged Weapons
  2358 | D:4      | Noticed an ogre
  2365 | D:4      | Killed an ogre
  2366 | D:4      | Reached XP level 6. HP: 51/51 MP: 5/5
  2367 | D:4      | Found a blossoming altar of Fedhas.
  2368 | D:4      | Noticed Duvessa
  2389 | D:4      | Killed Duvessa
  2389 | D:4      | Noticed Dowan
  2402 | D:4      | Killed Dowan
  2403 | D:4      | Reached skill level 8 in Ranged Weapons
  2678 | D:4      | Found an iron altar of Okawaru.
  2819 | D:4      | Noticed Robin
  3022 | D:4      | Killed Robin
  3023 | D:4      | Reached XP level 7. HP: 43/59 MP: 6/6
  3215 | D:4      | Noticed Grinder
  3217 | D:4      | Paralysed by Grinder for 3 turns
  3229 | D:4      | Killed Grinder
  3442 | D:5      | Entered Level 5 of the Dungeon
  3483 | D:5      | Reached skill level 9 in Ranged Weapons
  3567 | D:5      | Reached skill level 5 in Fighting
  3715 | D:5      | Noticed Sigmund
  3726 | D:5      | Reached XP level 8. HP: 34/68 MP: 7/7
  3728 | D:5      | Killed Sigmund
  3729 | D:5      | Reached skill level 10 in Ranged Weapons
  3921 | D:5      | Found a broken altar of Ashenzari.
  4087 | D:5      | Found a transporter.
  4087 | D:5      | Noticed CertainDeath's ghost (amateur DrTm)
  4101 | D:5      | Found a transporter.
  4647 | D:5      | Reached skill level 11 in Ranged Weapons
  4805 | D:5      | Identified the +0 ring mail "Palasi" {Stlth+}
  5149 | D:6      | Reached skill level 12 in Ranged Weapons
  5149 | D:6      | Reached XP level 9. HP: 78/78 MP: 8/8
  5224 | D:6      | Found a bloodstained altar of Trog.
  5414 | D:6      | Reached skill level 13 in Ranged Weapons
  6094 | D:7      | Found a staircase to the Ecumenical Temple.
  6097 | D:7      | Noticed Prince Ribbit
  6110 | Temple   | Entered the Ecumenical Temple
  6136 | D:7      | Killed Prince Ribbit
  6137 | D:7      | Reached skill level 14 in Ranged Weapons
  6221 | D:4      | Became a worshipper of Warmaster Okawaru
  6268 | D:7      | Noticed Maggie
  6282 | D:7      | Killed Maggie
  6283 | D:7      | Reached XP level 10. HP: 22/88 MP: 9/9
  6634 | D:7      | Reached * piety under Okawaru
  6763 | D:7      | Noticed Joseph
  6767 | D:7      | Killed Joseph
  6918 | D:7      | Reached skill level 15 in Ranged Weapons
  7226 | D:7      | Reached ** piety under Okawaru
  7433 | D:8      | Found a burning altar of Makhleb.
  7724 | D:8      | Noticed a cyclops
  7726 | D:8      | Killed a cyclops
  7727 | D:8      | Reached skill level 16 in Ranged Weapons
  7808 | D:8      | Noticed a cyclops
  7810 | D:8      | Noticed a cyclops
  7816 | D:8      | Killed a cyclops
  7818 | D:8      | Identified the +8 glaive of Tuzan {vamp, Int+4}
  7823 | D:8      | Killed a cyclops
  7823 | D:8      | Reached *** piety under Okawaru
  7841 | D:8      | Reached XP level 11. HP: 41/99 MP: 10/10
  7849 | D:8      | Noticed a boulder beetle
  7863 | D:8      | Killed a boulder beetle
  7864 | D:8      | Reached skill level 10 in Fighting
  7946 | D:8      | Identified the +2 leather armour "Gufepheg" {Harm rN+
                  | Dex+2}
  8447 | D:8      | Reached **** piety under Okawaru
  8447 | D:8      | Received a gift from Okawaru
  8448 | D:8      | Reached skill level 17 in Ranged Weapons
  8918 | D:8      | Found a stormy altar of Qazlal.
  9289 | D:9      | Found a basalt altar of Yredelemnul.
  9308 | D:9      | Found a shimmering altar of Xom.
  9351 | D:9      | Found an ornate altar of the Wu Jian Council.
  9419 | D:9      | Found a shimmering blue altar of Sif Muna.
  9564 | D:9      | Found a sacrificial altar of Ru.
  9760 | D:9      | Found an ancient bone altar of Kikubaaqudgha.
  9813 | D:9      | Found a white marble altar of Elyvilon.
  9962 | D:10     | Entered Level 10 of the Dungeon
  9962 | D:10     | Found a hide-covered altar of Uskayaw.
  9965 | D:10     | Noticed a two-headed ogre
  9966 | D:10     | Found a flagged portal.
  9970 | D:10     | Killed a two-headed ogre
  9987 | D:10     | Reached skill level 18 in Ranged Weapons
  9996 | Bailey   | Entered a bailey
 10058 | Bailey   | Noticed an orc warlord
 10124 | Bailey   | Found a runed translucent gate.
 10127 | Bailey   | Found a runed translucent gate.
 10129 | Bailey   | Found a runed translucent gate.
 10295 | Bailey   | Killed an orc warlord
 10659 | Bailey   | Reached skill level 5 in Invocations
 10659 | Bailey   | Reached XP level 12. HP: 108/108 MP: 12/15
 10660 | Bailey   | Identified the ring "Zaniarei" {rElec rF+ rC+ rN+}
 10783 | D:10     | Found a staircase to the Lair.
 12070 | Lair:1   | Entered Level 1 of the Lair of Beasts
 12196 | Lair:1   | Reached ***** piety under Okawaru
 12524 | Lair:1   | Reached XP level 13. HP: 116/116 MP: 15/17
 13291 | Lair:2   | Received a gift from Okawaru
 13394 | Lair:2   | Found a hole to the Spider Nest.
 13645 | Lair:2   | Received a gift from Okawaru
 13877 | Lair:2   | Reached skill level 5 in Evocations
 14549 | Lair:3   | Received a gift from Okawaru
 14550 | Lair:3   | Found a staircase to the Swamp.
 15245 | Lair:3   | Reached skill level 5 in Dodging
 16030 | Lair:4   | Reached skill level 19 in Ranged Weapons
 16151 | Lair:4   | Reached skill level 5 in Armour
 16210 | Lair:4   | Identified a scroll of acquirement
 16211 | Lair:4   | Acquired the +5 triple crossbow of Gloom {venom, rCorr
                  | Int+7}
 16312 | Lair:4   | Found a staircase to the Slime Pits.
 16890 | Lair:5   | Entered Level 5 of the Lair of Beasts
 17012 | Lair:5   | Received a gift from Okawaru
 17325 | Lair:5   | Reached XP level 14. HP: 127/127 MP: 19/19
 17329 | Lair:5   | Reached ****** piety under Okawaru
 17567 | Lair:5   | Received a gift from Okawaru
 18285 | Lair:5   | Found the ring of the Mage {Wiz Archmagi}
 18678 | Lair:5   | Received a gift from Okawaru
 18972 | D:11     | Noticed Josephine
 18973 | D:11     | Reached skill level 10 in Invocations
 18981 | D:11     | Killed Josephine
 18986 | D:11     | Hit by a large rock thrown by a cyclops

Illustrated notes

Levels and vault maps discovered:
D:1:      spicycebolla_arrival_risky_transporter, layout_basic,
          minmay_pentomino_o2
D:2:      layout_rooms, hellmonk_ecumenical_altar_arch_garden, serial_shops,
          nicolae_shop_hallway_plus
D:3:      layout_basic, st_stairs_13
D:4:      layout_basic, fedhas_altar_3, nicolae_overflow_hidden_temple,
          uniq_grinder, uniq_duvessa, uniq_robin
D:5:      layout_loops_corners, overflow_temple_1_default,
          gammafunk_ghost_arena, chequers_serial_rivers_room_a,
          grunt_ministairs_10, uniq_sigmund
D:6:      layout_cave_pools, general_overflow_altar
D:7:      minmay_opposing_rooms, layout_basic, minmay_temple_entry_sparse_star,
          grunt_livestock, grunt_decor_junction, uniq_maggie,
          uniq_prince_ribbit1, uniq_joseph
D:8:      minmay_the_grid_octo_tiled_octocenter
          [minmay_the_grid_octo_fat_diamond, minmay_the_grid_octo_focus,
          minmay_the_grid_octo_77, minmay_the_grid_octo_checkerflower,
          minmay_the_grid_octo_prize_square_snowflake,
          minmay_the_grid_square_5x5_two_walls_a,
          minmay_the_grid_square_5x5_two,
          minmay_the_grid_square_5x5_tetrominoes, minmay_the_grid_square_5x5_z],
          layout_basic, nicolae_qazlal_eye_of_the_storm, bloody_makhleb
D:9:      layout_loops_ring, lemuel_crystal_altar, nzn_wu_jian_council_hall,
          overflow_temple_1_default, nicolae_overflow_quartered_altars
D:10:     layout_basic, amcnicky_altar_gilded, erik_lair_orcish_takeover,
          enter_bailey_5
D:11:     layout_cave_pools, nicolae_trove_entry_crossroad,
          lemuel_nasty_fountain, uniq_josephine
Temple:   hellmonk_temple_two_chambers
Lair:1:   layout_concentric_octagons, lemuel_fruit_tree, lemuel_fruit_fields
Lair:2:   layout_regular_city, spider_nest_entry_rubble,
          nicolae_quartered_pool_super, grunt_megastairs_1
Lair:3:   layout_hall_layers, skrybe_swamp_entry_bodies
Lair:4:   layout_cave_pods, minmay_slime_entry_pillars
Lair:5:   minmay_lair_end_frog_pond, layout_layer_cave, serial_bayou_lagoon_a,
          guppyfry_lair_drakes, serial_bayou_shore_a

Skill      XL: |  1  2  3  4  5  6  7  8  9 10 11 12 13 14 |
---------------+-------------------------------------------+-----
Ranged Weapons | 5 6 7 8 9 12 14 16 18 19 | 19.9
Armour         | 1 2 6 |  6.0
Fighting       | 3 4 5 6 7 9 10 11 12 13 | 13.0
Dodging        | 3 6 |  6.0
Invocations    | 5 6 8 10 | 10.0
Evocations     | 3 4 6 7 |  7.9
Short Blades   | |  0.1
Long Blades    | |  0.1
Axes           | |  0.1
Maces & Flails | |  0.1
Polearms       | |  0.1
Staves         | |  0.1
Stealth        | |  0.7
Shields        | |  0.3
Spellcasting   | |  0.3
Necromancy     | |  0.2
Fire Magic     | |  0.2

Action                   |  1- 3 |  4- 6 |  7- 9 | 10-12 | 13-15 || total
-------------------------+-------+-------+-------+-------+-------++-------
 Fire: Shortbow          |    82 |   204 |    18 |       |       ||   304
       Arbalest          |       |       |   221 |   476 |   303 ||  1000
       Triple crossbow   |       |       |       |       |   315 ||   315
Invok: Heroism           |       |       |       |     1 |       ||     1
  Use: Potion            |       |     4 |       |     2 |     2 ||     8
       Scroll            |       |       |     9 |     8 |    14 ||    31
Armor: Leather armour    |     3 |    28 |    12 |       |       ||    43
       Steam dragon scal |       |       |       |    29 |    94 ||   123
Dodge: Dodged            |    10 |    98 |   101 |   132 |   290 ||   631
Block: Other             |       |       |     7 |    39 |    26 ||    72
       Reflection        |       |       |       |     7 |     1 ||     8
